Map: 세룰리안 폴 - 래더

Players

JinairRogue (Rogue)

  • Race: Zerg Zerg
  • League: Master
  • Spawn Location: 7:00

Cure - Winner!

  • Race: Terran Terran
  • Spawn Location: 1:00

Event: IEM Season 13 - Katowice Server Qualifiers Asia 1

VOD

Have the link to the VOD?

Description

Time

  • Played on: Jan. 14, 2019, 4:22 a.m.
  • Length: 8:53

All games in this series

Show
View Real Time Build Order
Export as new Build Order

JinairRogue Zerg 

Build Orders: Hatch First 

Get SALT Encoding   

  12  0:01  Drone  
  13  0:12  Overlord  
  13  0:17  Drone  
  14  0:30  Drone x2  
  16  0:48  Hatchery  
  15  0:51  Drone  
  15  0:55  Drone  
  17  0:58  Drone  
  18  1:10  Extractor  
  17  1:13  Spawning Pool  
  17  1:16  Drone  
  17  1:20  Drone  
  18  1:29  Drone  
  19  1:39  Overlord  
  19  1:50  Drone  
  20  2:00  Queen x2  
  20  2:01  Zergling x4  
  26  2:10  Drone  
  26  2:11  Zergling x2  
  28  2:23  Hatchery  
  28  2:26  Drone  
  28  2:33  Drone x2  
  28  2:35  Drone  
  31  2:42  Queen  
  33  2:48  Overlord  
  33  2:52  Metabolic Boost  
  33  2:56  Drone  
  35  2:58  Drone  
  35  3:01  Drone  
  36  3:12  Drone x4  
  40  3:13  Drone  
  40  3:14  Drone  
  40  3:17  Overlord  
  42  3:21  Drone  
  42  3:24  Drone  
  44  3:41  Queen x2  
  44  3:42  Queen  
  44  3:43  Overlord  
  44  3:46  Drone x2  
  52  3:52  Drone  
  52  3:53  Drone x3  
  56  3:57  Overlord  
  56  4:01  Drone x3  
  59  4:05  Drone x2  
  59  4:06  Drone  
  62  4:11  Overlord  
  62  4:15  Drone x2  
  64  4:19  Lair  
  64  4:23  Zergling x8  
  68  4:33  Extractor x2  
  68  4:35  Drone x6  
  68  4:36  Roach Warren  
  70  4:44  Overlord  
  70  4:46  Spore Crawler, Drone  
  70  4:47  Drone x2  
  70  4:52  Drone x2  
  74  4:53  Drone x4  
  74  4:54  Drone  
  79  5:00  Evolution Chamber x2  
  79  5:01  Overlord  
  79  5:03  Drone x2  
  79  5:04  Drone x2  
  81  5:09  Overlord  
  80  5:15  Extractor  
  80  5:16  Extractor  
  80  5:19  Drone x3  
  81  5:22  Overseer  
  81  5:27  Drone x2  
  83  5:28  Zerg Missile Weapons Level 1, Zerg Ground Armor Level 1  
  83  5:40  Hatchery  
  83  5:42  Roach x7  
  96  5:49  Overlord x3  
  96  5:51  Roach  
  96  5:53  Roach  
  99  5:57  Roach  
  99  5:58  Roach x2  
  102  6:05  Roach x3  
  92  6:14  Roach x5  
  92  6:16  Roach  
  99  6:25  Roach x4  
  107  6:28  Roach x2  
  105  6:35  Roach x2  
  105  6:36  Drone  
  105  6:37  Drone x4  
  114  6:46  Overlord x3  
  114  6:47  Overlord  
  114  6:51  Overlord  
  114  6:59  Overlord  
  114  7:00  Overlord x2  
  114  7:05  Glial Reconstitution  
  114  7:06  Roach x4  
  122  7:10  Roach  
  126  7:15  Roach  
  126  7:16  Roach x3  
  126  7:17  Roach  
  126  7:21  Roach x2  
  138  7:24  Roach  
  138  7:26  Roach x2  
  138  7:29  Ravager  
  146  7:30  Ravager  
  146  7:33  Roach x3  
  152  7:39  Ravager  
  152  7:40  Overlord  
  152  7:41  Zergling x2  
  152  7:42  Zergling x2  
  155  7:46  Zergling x2  
  155  7:49  Ravager x2  
  155  7:50  Overlord x2  
  158  7:51  Zergling x2  
  158  7:52  Zergling x4  
  158  7:55  Zergling x2  
  160  8:01  Ravager x2  
  160  8:04  Zergling x12  
  160  8:05  Zergling x4  
  170  8:11  Ravager x2  
  168  8:13  Roach  
  168  8:16  Roach x2  
  163  8:22  Roach x2  
  142  8:29  Roach x2  
  142  8:32  Roach  
Show
View Real Time Build Order
Export as new Build Order

Cure Terran - Winner!

Build Orders: Reaper Expand 

Get SALT Encoding   

  12  0:00  SCV  
  13  0:12  SCV  
  14  0:17  Supply Depot  
  14  0:24  SCV  
  15  0:38  SCV  
  15  0:40  Barracks  
  16  0:44  Refinery  
  16  0:50  SCV  
  17  1:03  SCV  
  18  1:15  SCV  
  19  1:27  Reaper, Orbital Command  
  20  1:39  Command Center  
  20  1:49  Supply Depot  
  20  1:53  SCV  
  21  1:58  Marine  
  22  2:05  SCV  
  23  2:14  Factory  
  23  2:17  SCV  
  23  2:21  Barracks Reactor  
  24  2:29  SCV  
  25  2:36  Command Center  
  25  2:41  SCV  
  25  2:51  Orbital Command  
  26  2:53  SCV  
  27  3:04  Barracks Tech Lab, Hellion  
  27  3:05  SCV, Hellion  
  32  3:16  SCV  
  32  3:17  SCV  
  34  3:22  Marine, Stimpack  
  35  3:30  SCV x2  
  35  3:31  Factory Reactor  
  35  3:33  Barracks x2  
  37  3:39  Marine  
  38  3:42  SCV x2  
  40  3:48  Refinery  
  40  3:49  Orbital Command  
  40  3:51  Refinery  
  40  3:54  SCV x2  
  42  3:57  Marine  
  42  4:02  Refinery  
  43  4:06  SCV x2  
  43  4:08  Bunker  
  45  4:14  Factory Reactor, SCV  
  45  4:15  Marine  
  47  4:17  Starport  
  47  4:18  SCV x2  
  47  4:20  Marine x2  
  51  4:28  SCV, Supply Depot  
  51  4:29  Marine  
  51  4:30  SCV x2  
  55  4:32  Supply Depot  
  55  4:34  Marine  
  55  4:37  Marine  
  55  4:38  Marine  
  57  4:40  SCV  
  57  4:42  SCV x2  
  60  4:48  Marine  
  60  4:49  Marine  
  60  4:50  Supply Depot  
  62  4:52  Marine  
  62  4:55  Marine x2, SCV, Supply Depot  
  62  4:56  SCV  
  62  4:59  Medivac, Orbital Command  
  69  5:00  Medivac  
  69  5:02  Factory Reactor  
  71  5:08  SCV x2, Supply Depot  
  71  5:13  Engineering Bay  
  73  5:15  Engineering Bay  
  73  5:16  Marine x2  
  73  5:17  Marine  
  73  5:18  Marine  
  73  5:20  Marine  
  78  5:24  SCV x3  
  81  5:28  Combat Shield  
  81  5:36  SCV x2  
  81  5:37  Marine x3, SCV  
  81  5:39  Marine  
  81  5:41  Marine  
  89  5:46  Hellion  
  89  5:47  Hellion  
  93  5:51  Medivac  
  93  5:54  Medivac  
  97  6:02  Supply Depot x2  
  97  6:03  SCV x3  
  99  6:06  Marine x2  
  99  6:09  Marine  
  99  6:10  Marine  
  101  6:13  Marine  
  97  6:19  Factory Tech Lab  
  97  6:24  Marine x2, Barracks  
  98  6:26  Liberator x2  
  98  6:27  Marine, Barracks  
  98  6:28  Marine  
  98  6:32  Marauder  
  97  6:37  Terran Infantry Armor Level 1, Terran Infantry Weapons Level 1  
  97  6:38  Siege Tank  
  102  6:42  Marine x2  
  102  6:45  Marine x2  
  110  6:48  SCV  
  110  6:49  SCV x2  
  110  6:52  Supply Depot  
  110  6:54  Marauder, Supply Depot  
  115  6:55  Concussive Shells  
  115  6:58  Refinery  
  115  7:00  Marine x2  
  117  7:06  Supply Depot  
  117  7:10  Unknown, SCV, Supply Depot  
  117  7:13  Marine x2, Barracks Tech Lab  
  117  7:14  SCV x2, Siege Tank  
  117  7:15  Marine x2  
  125  7:21  Missile Turret  
  125  7:22  SCV  
  127  7:26  Marauder, SCV x2  
  129  7:32  Marine x4, Marauder  
  129  7:34  Medivac x2  
  139  7:41  Marine x2, Armory  
  141  7:44  Supply Depot  
  141  7:47  Marauder  
  141  7:49  Marine x2, Supply Depot  
  145  7:53  Marauder  
  147  7:58  Siege Tank  
  149  8:06  Marine x4  
  149  8:07  Marine, Supply Depot x2  
  149  8:08  Marauder, Supply Depot  
  156  8:13  Supply Depot  
  156  8:15  Marine, Marauder  
  156  8:20  Medivac x2  
  156  8:23  Marine  
  154  8:30  Marine x4  
  154  8:31  Marauder  
  154  8:33  Marine  

Tags
 
Add a new tag
Caveats
  • Supply blocks, unpowered buildings, or Contaminate may cause inaccurate times.
  • Supply counts are checked every 10 seconds.